 Dungeon Crawl Stone Soup version 0.30-a0-953-g5f1da4a474 (webtiles) character file.

Game seed: 10378362401078254665

262914 Orangeyouglad the Unseen (level 19, -8/92 HPs)
             Began as a Spriggan Enchanter on Mar 26, 2023.
             Was the Champion of Nemelex Xobeh.
             Mangled by a +5 bardiche of holy wrath (35 damage)
             ... on level 2 of the Elven Halls on Mar 29, 2023.
             The game lasted 04:36:18 (53697 turns).

Orangeyouglad the Unseen (Spriggan Enchanter)      Turns: 53697, Time: 04:36:19

Health: -8/92      AC:  9    Str:  4    XL:     19   Next: 23%
Magic:  34/34      EV: 41    Int: 19    God:    Nemelex Xobeh [******]
Gold:   2373       SH: 15    Dex: 21    Spells: 6/38 levels left

rFire   + . .      SeeInvis +    d - +9 rapier (freeze)
rCold   + + .      Faith    .    O - +3 warlock's mirror {omnireflect}
rNeg    + . .      Spirit   .    h - +4 troll leather armour
rPois   +          Reflect  +    U - -2 hat of the Alchemist {rElec rPois rF+ rC+ rN+ Will+ rMut rCorr}
rElec   +          Rampage  .    Z - +2 cloak {rC+}
rCorr   +                        (gloves unavailable)
rMut    +                        (boots unavailable)
Will    ++++.                    G - amulet of reflection
Stlth   ++++++++                 i - +5 ring of evasion
HPRegen 1.15/turn                u - +5 ring of evasion
MPRegen 0.24/turn

@: flying, studying Shields, very quick
A: very small, no large weapons, unfitting armour, see invisible, speed 3
}: 2/15 runes: decaying, serpentine
a: Renounce Religion, Draw Escape, Draw Destruction, Draw Summoning, Draw Stack,
Triple Draw, Deal Four, Stack Five


You were on level 2 of the Elven Halls.
You worshipped Nemelex Xobeh.
Nemelex Xobeh was exalted by your worship.
You visited 7 branches of the dungeon, and saw 33 of its levels.
You also visited: Trove and Ice Cave.

You collected 7606 gold pieces.
You spent 5233 gold pieces at shops.

Inventory:

Hand Weapons
 d - a +9 rapier of freezing (weapon)
Missiles
 t - 13 poisoned darts (quivered)
 w - 3 datura-tipped darts
 H - 4 throwing nets
 P - 8 atropa-tipped darts
 T - 5 curare-tipped darts
Armour
 a - a scarf of invisibility
 h - a +4 troll leather armour (worn)
 O - the +3 warlock's mirror (worn) {omnireflect}
   (You bought it in a shop on level 5 of the Dungeon)

   Omnireflect: It can block and reflect piercing ranged attacks and magical
   attacks against the wielder's willpower.
 U - the -2 hat of the Alchemist (worn) {rElec rPois rF+ rC+ rN+ Will+ rMut rCorr}
   (You acquired it on level 5 of the Lair of Beasts)

   rF:        It protects you from fire.
   rC:        It protects you from cold.
   rElec:     It insulates you from electricity.
   rPois:     It protects you from poison.
   rN:        It protects you from negative energy.
   rCorr:     It protects you from acid and corrosion.
   rMut:      It protects you from mutation.
   Will:      It increases your willpower.
 Z - a +2 cloak of cold resistance (worn)
Jewellery
 f - a ring of willpower
 i - a +5 ring of evasion (left hand)
 u - a +5 ring of evasion (right hand)
 G - an amulet of reflection (around neck)
 J - the ring "Etaxko" {rC+ MP+9}
   (You took it off a naga warrior on level 4 of the Snake Pit)

   [ring of magical power]

   rC:        It protects you from cold.
   MP:        It affects your magic capacity (+9).
Wands
 v - a wand of roots (7)
 L - a wand of digging (10)
 N - a wand of light (7)
 S - a wand of polymorph (6)
 Y - a wand of paralysis (12)
Scrolls
 g - 8 scrolls of fog
 o - 8 scrolls of immolation
 p - 6 scrolls of poison
 r - 2 scrolls of torment
 x - a scroll of amnesia
 y - 4 scrolls of vulnerability
 z - 2 scrolls of blinking
 B - 9 scrolls of fear
 C - a scroll of butterflies
 I - 12 scrolls of teleportation
 K - 7 scrolls of magic mapping
 Q - 4 scrolls of silence
Potions
 b - 8 potions of lignification
 c - 5 potions of invisibility
 e - 5 potions of cancellation
 j - 8 potions of heal wounds
 l - 4 potions of ambrosia
 m - 7 potions of brilliance
 n - 7 potions of resistance
 q - 4 potions of flight
 s - 6 potions of haste
 A - 10 potions of attraction
 E - 20 potions of curing
 F - 4 potions of might
 M - a potion of mutation
 R - 4 potions of magic
Miscellaneous
 k - a phial of floods (inert)
 W - a condenser vane


   Skills:
 - Level 7.0 Fighting
 - Level 14.0 Short Blades
 + Level 5.5 Throwing
 - Level 19.0 Dodging
 - Level 20.0 Stealth
 + Level 9.7 Shields
 - Level 10.0 Spellcasting
 - Level 15.0 Hexes
 + Level 7.3 Translocations
 - Level 10.0 Transmutations
 + Level 3.6 Air Magic
 - Level 4.0 Poison Magic
 - Level 16.0 Invocations
 + Level 13.0 Evocations


You had 6 spell levels left.
You knew the following spells:

 Your Spells              Type           Power      Damage    Failure   Level
a - Confusing Touch       Hex            61%        N/A       1%          3
b - Tukima's Dance        Hex            61%        N/A       1%          3
c - Vhi's Electric Charg  Tloc/Air       60%        N/A       7%          3
d - Wereblood             Tmut           47%        N/A       1%          2
e - Blink                 Tloc           74%        N/A       1%          2
f - Sting                 Tmut/Pois      100%       1d8       1%          1
g - Yara's Violent Unrav  Hex/Tmut       27%        3d12      3%          5
h - Lesser Beckoning      Tloc           74%        N/A       1%          2
i - Ensorcelled Hibernat  Hex/Ice        76%        N/A       1%          2
j - Portal Projectile     Hex/Tloc       100%       N/A       1%          3
k - Dispersal             Tloc           18%        N/A       86%         6

Your spell library contained the following spells:

 Spells                   Type           Power      Damage    Failure   Level
 Apportation              Tloc           74%        N/A       1%          1
 Beastly Appendage        Tmut           94%        N/A       1%          1
 Slow                     Hex            100%       N/A       1%          1
 Dazzling Flash           Conj/Hex       76%        N/A       3%          3
 Spider Form              Tmut/Pois      36%        N/A       3%          3
 Passwall                 Tmut/Erth      23%        N/A       4%          2
 Poisonous Vapours        Pois/Air       46%        N/A       7%          2
 Momentum Strike          Conj/Tloc      46%        3d9       8%          2
 Anguish                  Hex/Necr       19%        N/A       10%         4
 Leda's Liquefaction      Hex/Erth       19%        N/A       10%         4
 Blade Hands              Tmut           23%        N/A       10%         5
 Manifold Assault         Tloc           37%        N/A       11%         4
 Kindle Blastsparks       Fire/Tloc/Air  46%        2d13      14%         3
 Silence                  Hex/Air        22%        N/A       14%         5
 Swiftness                Air            23%        N/A       16%         3
 Necrotise                Necr           36%        1d5       22%         1
 Summon Small Mammal      Summ           36%        N/A       22%         1
 Scorch                   Fire           18%        2d5       32%         2
 Olgreb's Toxic Radiance  Pois           24%        N/A       38%         4
 Iskenderun's Mystic Bla  Conj/Tloc      23%        2d6       43%         4
 Airstrike                Air            11%        2d(2-18)  45%         4
 Call Canine Familiar     Summ           9%         N/A       54%         3
 Vampiric Draining        Necr           9%         2d6       54%         3
 Summon Lightning Spire   Summ/Air       16%        N/A       71%         4
 Animate Dead             Necr           9%         N/A       91%         4
 Arcjolt                  Conj/Air       8%         1d18      96%         5
 Plasma Beam              Fire/Air       8%         2x1d13    96%         5
 Freezing Cloud           Conj/Ice/Air   7%         6-21      98%         5
 Agony                    Necr           9%         N/A       99%         5
 Lee's Rapid Deconstruct  Erth           4%         3d5*      99%         5
 Statue Form              Tmut/Erth      18%        N/A       99%         6
 Simulacrum               Ice/Necr       4%         N/A       100%        6
 Starburst                Conj/Fire      4%         6d4       100%        6
 Haunt                    Necr/Summ      4%         N/A       100%        7
 Malign Gateway           Summ/Tloc      11%        N/A       100%        7
 Disjunction              Tloc           18%        N/A       100%        8
 Infestation              Necr           4%         N/A       100%        8
 Maxwell's Capacitive Co  Air            11%        ∞         100%        8
 Summon Horrible Things   Summ           4%         N/A       100%        8
 Polar Vortex             Ice            4%         N/A       100%        9


Dungeon Overview and Level Annotations

Branches:
Dungeon (15/15)            Temple (1/1) D:7            Lair (5/5) D:10
  Swamp (4/4) Lair:2        Snake (4/4) Lair:3        Slime (0/5) Lair:4
    Orc (2/2) D:9             Elf (2/3) Orc:2        Vaults (0/5) D:13
 Depths (0/4) D:15          IceCv (visited)

Altars:
Ashenzari
Cheibriados
Dithmenos
Elyvilon
Fedhas
Gozag
Hepliaklqana
Kikubaaqudgha
Makhleb
Nemelex Xobeh
Okawaru
Qazlal
Ru
Sif Muna
Trog
Uskayaw
Vehumet
Wu Jian
Xom
Yredelemnul
Zin
The Shining One

Shops:
D:1 [   D:5 **[!   D:11 (   D:12 =   Orc:2 :[*(   Snake:1 :   Snake:3 *:[


Innate Abilities, Weirdness & Mutations

You are very small and have problems with some larger weapons.
You are too small for most types of armour.
You have supernaturally acute eyesight. (SInv)
You cover ground extremely quickly. (Speed+++)


Message History

The +5 bardiche of holy wrath hits you!!
You closely miss the +5 bardiche of holy wrath.
The +5 bardiche of holy wrath is severely damaged.
The +5 bardiche of holy wrath misses you.
You hit the +5 bardiche of holy wrath but do no damage.
The +5 bardiche of holy wrath is severely damaged.
You closely miss the +5 bardiche of holy wrath.
The +5 bardiche of holy wrath is severely damaged.
The +5 bardiche of holy wrath hits you.
You barely miss the +5 bardiche of holy wrath.
The +5 bardiche of holy wrath is severely damaged.
You hit the +5 bardiche of holy wrath but do no damage.
The +5 bardiche of holy wrath is severely damaged.
The +5 bardiche of holy wrath closely misses you.
You completely miss the +5 bardiche of holy wrath.
The +5 bardiche of holy wrath is severely damaged.
You barely miss the +5 bardiche of holy wrath.
The +5 bardiche of holy wrath is severely damaged.
The +5 bardiche of holy wrath hits you!!!
* * * LOW HITPOINT WARNING * * *
You hit the +5 bardiche of holy wrath but do no damage.
The +5 bardiche of holy wrath is severely damaged.
Okay, then.
You feel very buoyant.
You fly up into the air.
You block the +5 bardiche of holy wrath's attack.
You feel much better.
You block the +5 bardiche of holy wrath's attack.
You hit the +5 bardiche of holy wrath but do no damage.
The +5 bardiche of holy wrath is heavily damaged.
You block the +5 bardiche of holy wrath's attack.
You draw a card...
You have drawn the Dance.
The +5 bardiche of holy wrath hits you!!
* * * LOW HITPOINT WARNING * * *
You draw a card...
You have drawn the Tomb.
Walls emerge from the floor!
The +0 heavy long sword completely misses you.
Your +1 trident of flaming closely misses the +0 heavy long sword.
The +5 bardiche of holy wrath hits you!!
You die...
Your body glows with a rainbow of weird colours and disappears.

.# ######### ##..........
.###..')#..# #...........
.##..⌠###..###'..........
.#....###...'.)#.........
.'....')#(.)'.##.........
.#..).###..)'.'#.........
.##..⌠###..###'(.........
.###..')'..# #.(##.......
.# ######### ###@#......
.# #.##(...... .#
##......... ## ##........
#...#.... #### ...###...
###..# ..## #.. ###....#
... .. #......#


You could see 2 dancing weapons and a friendly +1 trident of flaming (summoned).

Vanquished Creatures
  the Lernaean hydra (Swamp:4)
  Saint Roka (Snake:2)
  Mlioglotl (Swamp:2)
  Rupert (D:14)
  A storm dragon (Elf:1)
  Frances (Swamp:2)
  The ghost of Leut the Bludgeoner, an adept MiFi of Ru (Swamp:1)
  Agnes (Snake:2)
  Roxanne (Swamp:2)
  The ghost of Sobieck the Wrestler, a journeyman TrMo of Wu Jian (Snake:1)
  A shadow dragon (Elf:1)
  10 nagarajas
  2 deep elf elementalists
  An emperor scorpion (IceCv)
  An orc warlord (Orc:2)
  4 ghouls (Swamp:3)
  Nessos (D:15)
  2 deep elf demonologists
  5 eleionomae
  3 bunyips (Swamp:2)
  5 fire dragons
  The ghost of Norrock the Martial Artist, a journeyman GnWn of Sif Muna (Lair:4)
  Josephine (D:11)
  An entropy weaver (D:15)
  2 shambling mangroves
  A deep elf high priest (Elf:1)
  A rakshasa (D:15)
  An ice dragon (Lair:5)
  Fannar (D:10)
  A vault guard (D:12)
  3 ogre magi
  2 salamander tyrants (Snake:4)
  A jorogumo (shapeshifter) (Elf:1)
  2 ironbound frosthearts (IceCv)
  16 hydras
  A catoblepas (D:14)
  A centaur warrior (D:14)
  4 ghost crabs
  5 anacondas
  The ghost of mandoloar the Trooper, a novice DgFi (D:10)
  3 alligators
  12 two-headed ogres
  4 death yaks
  A boulder beetle (Lair:5)
  A vampire mage (Swamp:4)
  13 naga warriors
  3 shock serpents
  A tengu warrior (D:14)
  9 naga sharpshooters
  The ghost of bigduke15 the Zephyrmancer, a journeyman TeAE (D:9)
  An orc high priest (Orc:2)
  13 deep elf knights
  4 salamander mystics
  Amaemon (D:10)
  3 skeletal warriors (D:12)
  3 goliath frogs
  7 spriggan druids
  A flayed ghost (D:14)
  11 swamp dragons
  A necromancer (D:15)
  11 bog bodies
  2 orc knights (Orc:2)
  3 naga ritualists
  A wizard (D:15)
  5 deep elf archers
  14 deep elf zephyrmancers
  An ugly thing (IceCv)
  4 manticores
  An oklob plant (Swamp:3)
  A lindwurm (Lair:5)
  17 deep elf pyromancers
  8 mana vipers
  8 orc sorcerers
  6 cyclopes
  An elephant (shapeshifter) (Elf:1)
  4 will-o-the-wisps
  10 salamanders
  Maurice (D:11)
  18 elephants
  6 guardian serpents
  32 black mambas
  9 naga magi
  An ice statue (IceCv)
  4 molten gargoyles (Elf:1)
  A centaur zombie (D:15)
  Joseph (D:10)
  An orange demon (D:10)
  10 cane toads
  2 centaur skeletons (D:15)
  A gargoyle (D:12)
  7 torpor snails
  Psyche (D:9)
  A kobold demonologist (D:10)
  8 rime drakes
  2 freezing wraiths (D:14)
  9 komodo dragons
  A tengu conjurer (D:14)
  6 yaktaurs (D:14)
  5 trolls
  3 bloated husks
  16 polar bears
  Grinder (D:5)
  21 hornets
  A dream sheep (Lair:4)
  16 tyrant leeches
  11 blink frogs
  5 slime creatures (D:15)
  A centaur simulacrum (D:14)
  2 wyverns
  2 wyverns (shapeshifter)
  3 water elementals
  An air elemental (Elf:2)
  A culicivora (shapeshifter) (Elf:2)
  7 spriggans
  3 shadows
  10 wraiths
  50 yaks
  2 fire elementals (Elf:1)
  7 steam dragons
  20 vampire mosquitoes
  8 humans (D:13)
  A redback simulacrum (D:15)
  4 basilisks
  9 swamp worms
  27 nagas
  10 dancing weapons
  7 wargs
  A two-headed ogre zombie (Orc:1)
  4 acid dragons
  A hell hound (Lair:1)
  7 water moccasins
  13 swamp drakes
  3 ice beasts
  25 orc warriors
  4 black bears
  19 ogres
  28 wolves
  5 centaurs
  4 kobold brigands
  2 phantoms
  Blork the orc (D:4)
  13 bullfrogs
  2 gnoll sergeants
  2 earth elementals
  3 scorpions
  3 wights (D:7)
  2 killer bees
  A troll zombie (D:9)
  9 howler monkeys
  An electric eel (Lair:1)
  9 orc priests
  6 hounds
  3 jellies
  A gnoll bouda (D:5)
  3 sleepcaps
  14 iguanas
  A boggart zombie (D:15)
  13 orc wizards
  9 hell rats
  5 ogre zombies (D:9)
  15 gnolls
  A river rat (D:9)
  9 adders
  A shadow imp (D:6)
  2 white imps
  2 ufetubi
  4 dart slugs
  56 orcs
  4 ball pythons
  5 endoplasms
  3 giant cockroaches
  14 goblins
  8 hobgoblins
  15 jackals
  6 quokkas
  6 bats
  5 frilled lizards
  2 goblin zombies (D:9)
  2 hobgoblin skeletons (D:9)
  2 hobgoblin zombies (D:9)
  18 kobolds
  14 orc zombies (D:9)
  2 rats
1070 creatures vanquished.

Vanquished Creatures (collateral kills)
  A shadow dragon (Snake:1)
  2 nagarajas (Snake:4)
  A centaur warrior (D:13)
  An anaconda (Snake:4)
  7 two-headed ogres
  A dancing weapon (Elf:1)
  An orc high priest (Elf:1)
  3 naga sharpshooters
  An orb spider (Snake:1)
  A swamp dragon (Swamp:1)
  3 orc knights (Orc:2)
  A deep elf archer (Elf:1)
  2 deep elf zephyrmancers (Elf:1)
  An orc sorcerer (Elf:1)
  2 deep elf pyromancers
  A manticore (D:13)
  A will-o-the-wisp (Swamp:4)
  3 salamanders
  4 elephants
  A guardian serpent (Snake:4)
  2 rime drakes (D:13)
  A komodo dragon (Lair:3)
  A tarantella (shapeshifter) (D:13)
  4 dream sheep (Lair:5)
  4 spriggans (Swamp:1)
  A wraith (D:13)
  A basilisk (Lair:3)
  A human (D:13)
  A yak (Lair:3)
  14 nagas
  A swamp worm (Swamp:1)
  A meliai simulacrum (D:13)
  5 orc warriors (Orc:2)
  6 ogres
  2 wolves (IceCv)
  2 centaurs
  A gnoll sergeant (D:9)
  A scorpion (Snake:1)
  A wight (D:7)
  2 orc priests
  3 orc wizards
  2 ogre zombies (D:9)
  Robin (D:2)
  11 gnolls
  14 orcs
  A bat (D:2)
  A goblin (D:2)
  2 hobgoblins
  A kobold (D:4)
  A hobgoblin skeleton (D:9)
  A hobgoblin zombie (D:9)
  An orc skeleton (D:9)
  2 orc zombies (D:9)
131 creatures vanquished.

Vanquished Creatures (others)
  An eldritch tentacle (Snake:1)
  An eleionoma (Swamp:3)
  A deep elf high priest (Elf:1)
  A vault guard (D:13)
  An ogre mage (D:13)
  A naga warrior (Snake:4)
  A deep elf knight (Elf:2)
  2 goliath frogs
  A black mamba (Snake:1)
  42 dancing weapons
  2 bloated husks
  A spriggan (Swamp:3)
  A human (D:13)
  2 nagas
  A killer bee (Orc:1)
  A hound (Orc:1)
  An iguana (Lair:5)
  A gnoll (D:2)
  An adder (Orc:1)
  A river rat (Orc:1)
  An orc (D:13)
  A kobold (D:10)
  A quokka (Orc:1)
  20 foxfires
  57 fungi
  98 plants
242 creatures vanquished.

Grand Total: 1443 creatures vanquished

Notes
Turn   | Place    | Note
-------+----------+-------------------------------------------
     0 | D:1      | Orangeyouglad the Spriggan Enchanter began the quest for
                  | the Orb.
     0 | D:1      | Reached XP level 1. HP: 9/9 MP: 5/5
   183 | D:1      | Reached XP level 2. HP: 13/13 MP: 6/6
   316 | D:1      | Found Teemiot's Armour Shop.
   818 | D:1      | Found a faded altar of an unknown god.
   849 | D:1      | Prayed at the altar of an unknown god.
   849 | D:1      | Became a worshipper of Nemelex Xobeh the Trickster
   849 | D:1      | Reached * piety under Nemelex Xobeh
   899 | D:2      | Reached XP level 3. HP: 16/16 MP: 8/8
  1022 | D:2      | Noticed Robin
  1072 | D:2      | Reached skill level 5 in Stealth
  1113 | D:2      | Received a gift from Nemelex Xobeh
  1320 | D:2      | Learned a level 3 spell: Confusing Touch
  1431 | D:2      | Killed Robin
  1443 | D:2      | Reached XP level 4. HP: 7/21 MP: 10/10
  2139 | D:3      | Learned a level 3 spell: Tukima's Dance
  2238 | D:3      | Found a hide-covered altar of Uskayaw.
  2309 | D:3      | Reached ** piety under Nemelex Xobeh
  2479 | D:3      | Reached XP level 5. HP: 24/24 MP: 2/11
  2974 | D:4      | Received a gift from Nemelex Xobeh
  3100 | D:4      | Noticed a black bear
  3115 | D:4      | Killed a black bear
  3116 | D:4      | Reached skill level 6 in Stealth
  3116 | D:4      | Reached XP level 6. HP: 23/28 MP: 10/13
  3334 | D:4      | Reached skill level 5 in Hexes
  3443 | D:4      | Found a hazy altar of Hepliaklqana.
  3881 | D:4      | Reached XP level 7. HP: 25/32 MP: 2/15
  4140 | D:4      | Noticed Blork the orc
  4160 | D:4      | Killed Blork the orc
  4161 | D:4      | Reached skill level 5 in Dodging
  4276 | D:4      | Reached skill level 7 in Stealth
  4276 | D:4      | Reached skill level 5 in Spellcasting
  4585 | D:4      | Reached *** piety under Nemelex Xobeh
  4702 | D:5      | Entered Level 5 of the Dungeon
  4991 | D:5      | Received a gift from Nemelex Xobeh
  5014 | D:5      | Noticed Grinder
  5022 | D:5      | Killed Grinder
  5042 | D:5      | Reached XP level 8. HP: 33/36 MP: 13/17
  5095 | D:5      | Reached skill level 8 in Stealth
  5187 | D:5      | Found Hoybach's General Store.
  5189 | D:5      | Found Desefota's Armour Emporium.
  5190 | D:5      | Found Tarrif's Magic Scroll Emporium.
  5224 | D:5      | Found Hunir's Distillery.
  5465 | D:5      | Reached skill level 5 in Short Blades
  5906 | D:5      | Found Gacs's Overcharged Wands.
  6358 | D:6      | Reached skill level 9 in Stealth
  6529 | D:6      | Reached XP level 9. HP: 39/39 MP: 15/20
  7923 | D:7      | Found a staircase to the Ecumenical Temple.
  7939 | Temple   | Entered the Ecumenical Temple
  8202 | D:7      | Reached skill level 10 in Stealth
  8417 | D:7      | Noticed a two-headed ogre
  8450 | D:7      | Killed a two-headed ogre
  8694 | D:7      | Reached **** piety under Nemelex Xobeh
  8750 | D:7      | Reached skill level 11 in Stealth
  8750 | D:7      | Reached XP level 10. HP: 40/44 MP: 13/23
  9028 | D:8      | Received a gift from Nemelex Xobeh
  9172 | D:8      | Found a snail-covered altar of Cheibriados.
  9172 | D:8      | Found an ornate altar of the Wu Jian Council.
  9618 | D:5      | Bought the +3 warlock's mirror {omnireflect} for 480 gold
                  | pieces
  9618 | D:5      | Found the +3 warlock's mirror {omnireflect}
  9816 | D:8      | Noticed a two-headed ogre
  9839 | D:7      | Identified 2 scrolls of acquirement
  9844 | D:7      | Acquired 844 gold pieces
  9848 | D:7      | Acquired 1162 gold pieces
 10119 | D:8      | Killed a two-headed ogre
 10120 | D:8      | Reached skill level 1 in Shields
 10288 | D:8      | Received a gift from Nemelex Xobeh
 10504 | D:9      | Found a runed translucent door.
 10505 | D:9      | Noticed bigduke15's ghost (journeyman TeAE)
 10574 | D:9      | Found a staircase to the Orcish Mines.
 10830 | D:9      | Reached skill level 10 in Dodging
 11066 | D:9      | Noticed Psyche
 11074 | D:9      | Learned a level 5 spell: Silence
 11314 | D:9      | Reached ***** piety under Nemelex Xobeh
 11460 | D:9      | Killed Psyche
 11474 | D:9      | Reached XP level 11. HP: 24/47 MP: 22/25
 11704 | D:9      | Received a gift from Nemelex Xobeh
 12110 | D:10     | Entered Level 10 of the Dungeon
 12110 | D:10     | Noticed a two-headed ogre
 12114 | D:10     | Noticed Fannar
 12121 | D:10     | Found a runed translucent door.
 12122 | D:10     | Noticed mandoloar's ghost (novice DgFi)
 12146 | D:10     | Found an opulent altar of Gozag.
 12212 | D:10     | Noticed Amaemon
 12232 | D:10     | Killed Amaemon
 12233 | D:10     | Reached skill level 10 in Hexes
 12382 | D:10     | Found a radiant altar of Vehumet.
 12385 | D:10     | Found a bloodstained altar of Trog.
 12395 | D:10     | Found a shadowy altar of Dithmenos.
 12398 | D:10     | Found a basalt altar of Yredelemnul.
 12398 | D:10     | Noticed Joseph
 12426 | D:10     | Killed Joseph
 12550 | D:10     | Reached skill level 10 in Spellcasting
 12618 | D:10     | Received a gift from Nemelex Xobeh
 12832 | D:10     | Killed Fannar
 12833 | D:10     | Reached skill level 1 in Invocations
 12880 | D:10     | Killed a two-headed ogre
 13097 | D:10     | Found a staircase to the Lair.
 13289 | Lair:1   | Entered Level 1 of the Lair of Beasts
 13299 | D:10     | Reached skill level 12 in Stealth
 13633 | Lair:1   | HP: 2/47 [hell hound/blast of flame (14)]
 14306 | Lair:1   | Reached XP level 12. HP: 51/51 MP: 23/27
 14647 | Lair:1   | Reached skill level 10 in Short Blades
 14647 | Lair:1   | Reached skill level 13 in Stealth
 15343 | Lair:2   | Learned a level 2 spell: Wereblood
 15460 | Lair:2   | Reached skill level 1 in Transmutations
 15465 | Lair:2   | Found a staircase to the Swamp.
 15944 | Lair:2   | Received a gift from Nemelex Xobeh
 16210 | Lair:2   | Reached skill level 5 in Invocations
 16380 | Lair:3   | Identified the +1 long sword of Wyrd {drain, rElec}
 16387 | Lair:3   | HP: 2/52 [komodo dragon (8)]
 16637 | Lair:3   | Reached skill level 1 in Fighting
 16637 | Lair:3   | Reached skill level 14 in Stealth
 16973 | Lair:3   | Found a staircase to the Snake Pit.
 17139 | Lair:3   | Identified the +3 buckler "Igushrek" {Slay+6}
 17177 | Lair:3   | Received a gift from Nemelex Xobeh
 17334 | Lair:3   | Identified the +4 hand axe of Dishonour {antimagic, +Blink
                  | rElec}
 17607 | Lair:4   | Noticed a death yak
 17608 | Lair:4   | Noticed a death yak
 17746 | Lair:4   | Reached skill level 5 in Transmutations
 17753 | Lair:4   | Reached XP level 13. HP: 46/58 MP: 20/28
 17895 | Lair:4   | Found a staircase to the Slime Pits.
 17941 | Lair:4   | Noticed Norrock's ghost (journeyman GnWn)
 17967 | Lair:4   | Found a runed translucent gate.
 17967 | Lair:4   | Found a runed translucent gate.
 17968 | Lair:4   | Found a runed translucent gate.
 18068 | Lair:4   | Learned a level 2 spell: Blink
 18250 | Lair:4   | Reached skill level 1 in Translocations
 18536 | Lair:5   | Entered Level 5 of the Lair of Beasts
 19541 | Lair:5   | Reached skill level 15 in Stealth
 20791 | Lair:5   | Reached skill level 5 in Translocations
 20980 | Lair:5   | Learned a level 1 spell: Sting
 21305 | Lair:5   | Found a runed translucent door.
 21370 | Lair:5   | Reached skill level 1 in Poison Magic
 21563 | Lair:5   | Paralysed by a hornet for 2 turns
 21745 | Lair:5   | Reached skill level 16 in Stealth
 22405 | Lair:5   | Acquired the -2 hat of the Alchemist {rElec rPois rF+ rC+
                  | rN+ Will+ rMut rCorr}
 22405 | Lair:5   | Found the -2 hat of the Alchemist {rElec rPois rF+ rC+ rN+
                  | Will+ rMut rCorr}
 22561 | Lair:5   | Received a gift from Nemelex Xobeh
 22732 | Lair:5   | Reached XP level 14. HP: 58/66 MP: 25/29
 22888 | Lair:5   | Reached skill level 1 in Evocations
 23343 | D:5      | Bought 2 scrolls of identify for 52 gold pieces
 23343 | D:5      | Bought a scroll of enchant weapon for 97 gold pieces
 23343 | D:5      | Bought a scroll of teleportation for 39 gold pieces
 23681 | Lair:1   | Identified the +0 scale mail "Aqiuleets" {Regen+}
 23753 | D:10     | Killed mandoloar's ghost
 23800 | D:9      | Killed bigduke15's ghost
 23828 | Orc:1    | Entered Level 1 of the Orcish Mines
 23892 | D:11     | Noticed Maurice
 24289 | D:11     | Received a gift from Nemelex Xobeh
 24335 | D:11     | Noticed Josephine
 24345 | D:11     | Reached skill level 1 in Air Magic
 24397 | D:11     | Killed Josephine
 24428 | D:11     | Killed Maurice
 24429 | D:11     | Reached skill level 15 in Dodging
 24529 | D:11     | Found Zichirphe's Weapon Shop.
 25231 | D:12     | Received a gift from Nemelex Xobeh
 25272 | D:12     | Reached skill level 17 in Stealth
 25716 | D:12     | Found Ikym Viff's Jewellery Shoppe.
 25804 | D:12     | Reached ****** piety under Nemelex Xobeh
 25954 | D:13     | Received a gift from Nemelex Xobeh
 26054 | D:13     | Found a frozen archway.
 26108 | IceCv    | Entered an ice cave
 26366 | IceCv    | Identified the +0 triple crossbow of Dust {drain, Int+2
                  | SInv}
 26526 | IceCv    | Acquired 893 gold pieces
 26566 | IceCv    | Reached skill level 5 in Evocations
 26688 | IceCv    | a death yak changed into an emperor scorpion
 26688 | IceCv    | Noticed an emperor scorpion
 26699 | IceCv    | Killed an emperor scorpion
 27617 | IceCv    | Found the +8 longbow "Zephyr" {speed, Dex+3 SInv}
 28085 | D:5      | Bought a scroll of identify for 26 gold pieces
 29046 | D:13     | Found a gate to the Vaults.
 29077 | D:13     | Received a gift from Nemelex Xobeh
 29368 | D:13     | Reached skill level 5 in Fighting
 29368 | D:13     | Reached XP level 15. HP: 72/72 MP: 30/30
 29372 | D:13     | Upgraded the game from 0.30-a0-948-g4fa250aae5 to
                  | 0.30-a0-949-g53dc5368d7
 29607 | D:14     | Received a gift from Nemelex Xobeh
 29910 | D:14     | Noticed Rupert
 29919 | D:14     | Killed Rupert
 30525 | D:14     | Found an iron altar of Okawaru.
 30574 | D:14     | Received a gift from Nemelex Xobeh
 30967 | D:15     | Entered Level 15 of the Dungeon
 31271 | D:15     | Found a stormy altar of Qazlal.
 31404 | D:15     | Received a gift from Nemelex Xobeh
 31508 | D:15     | Noticed Nessos
 31524 | D:15     | Killed Nessos
 32229 | D:15     | Found a portal to a secret trove of treasure.
 32311 | D:15     | Found a staircase to the Depths.
 33007 | Orc:1    | Received a gift from Nemelex Xobeh
 33175 | Orc:2    | Entered Level 2 of the Orcish Mines
 33251 | Orc:2    | Reached skill level 10 in Evocations
 33331 | Orc:2    | Found Piabal's Antique Armour Emporium.
 33572 | Orc:2    | Found Obbaemepn's General Store.
 33640 | Orc:2    | Bought a scroll of enchant weapon for 135 gold pieces
 33857 | Orc:2    | Reached XP level 16. HP: 76/76 MP: 5/31
 34085 | Orc:2    | Found Fetareij's Antique Weapon Shop.
 34198 | Orc:2    | Found a staircase to the Elven Halls.
 34357 | Orc:2    | Found Fesyawuc's Book Shop.
 34554 | Orc:1    | Received a gift from Nemelex Xobeh
 34809 | Orc:2    | Bought a book of Burglary for 360 gold pieces
 34809 | Orc:2    | Bought Sif Muna's Volume of Entranced Wildfire for 540 gold
                  | pieces
 34817 | Orc:2    | Learned a level 5 spell: Yara's Violent Unravelling
 34820 | Orc:2    | Learned a level 2 spell: Lesser Beckoning
 35275 | Orc:2    | Bought a potion of haste for 180 gold pieces
 35390 | D:5      | Bought a potion of curing for 36 gold pieces
 35390 | D:5      | Bought a potion of flight for 36 gold pieces
 35390 | D:5      | Bought a potion of curing for 36 gold pieces
 35390 | D:5      | Bought a potion of curing for 36 gold pieces
 35390 | D:5      | Bought a potion of flight for 36 gold pieces
 35446 | D:5      | Bought a scroll of fear for 56 gold pieces
 35446 | D:5      | Bought a potion of invisibility for 112 gold pieces
 35446 | D:5      | Bought a scroll of blinking for 105 gold pieces
 35498 | D:5      | Bought a scroll of poison for 52 gold pieces
 35498 | D:5      | Bought a scroll of poison for 52 gold pieces
 35550 | D:5      | Bought a scroll of magic mapping for 105 gold pieces
 35852 | Lair:4   | Killed Norrock's ghost
 36975 | Snake:1  | Entered Level 1 of the Snake Pit
 37346 | Snake:1  | Found a large runed translucent door.
 37346 | Snake:1  | Found a large runed translucent door.
 37439 | Snake:1  | Found Wefoige's Self-Improvement Boutique.
 37624 | Snake:1  | Bought a manual of Shields for 1280 gold pieces
 37624 | Snake:1  | Bought a manual of Invocations for 1280 gold pieces
 37654 | Snake:1  | Noticed Nikola
 37672 | Snake:1  | Nikola changed into Nikola the shadow dragon
 37672 | Snake:1  | Noticed Nikola
 37679 | Snake:1  | Killed Nikola the shadow dragon
 37765 | Snake:1  | Identified the +1 leather armour of the Past {Str+3}
 37788 | Snake:1  | Noticed Sobieck's ghost (journeyman TrMo)
 37801 | Snake:1  | Killed Sobieck's ghost
 37805 | Snake:1  | Identified the +10 morningstar of Dishonesty {holy, rCorr
                  | Int+4}
 37807 | Snake:1  | Identified the +9 spear of Classification {flame, rElec
                  | Str-2 SInv}
 38067 | Snake:1  | Received a gift from Nemelex Xobeh
 38386 | Snake:2  | Noticed Agnes
 38398 | Snake:2  | Killed Agnes
 38584 | Snake:2  | Received a gift from Nemelex Xobeh
 38601 | Snake:2  | Reached skill level 5 in Shields
 38695 | Snake:2  | Reached skill level 10 in Invocations
 38976 | Snake:2  | Noticed Saint Roka
 39663 | Snake:2  | Killed Saint Roka
 39807 | Snake:3  | Found Dain's General Store.
 39809 | Snake:3  | Found Saonn's Book Boutique.
 39819 | Snake:3  | Found Bepity's Antique Armour Shop.
 39824 | Snake:3  | Reached skill level 18 in Stealth
 40968 | Snake:4  | Entered Level 4 of the Snake Pit
 40968 | Snake:4  | Received a gift from Nemelex Xobeh
 41005 | Snake:4  | Reached XP level 17. HP: 80/80 MP: 28/32
 41645 | Snake:4  | Reached skill level 10 in Transmutations
 41729 | Snake:4  | Reached skill level 19 in Stealth
 41746 | Snake:4  | Got a serpentine rune of Zot
 43043 | Snake:4  | Identified the ring "Etaxko" {rC+ MP+9}
 43734 | Snake:3  | Bought 2 potions of curing for 102 gold pieces
 44086 | Swamp:1  | Entered Level 1 of the Swamp
 44117 | Swamp:1  | Received a gift from Nemelex Xobeh
 44412 | Swamp:1  | Found a runed translucent gate.
 44412 | Swamp:1  | Found a runed translucent gate.
 44413 | Swamp:1  | Found a runed translucent gate.
 44413 | Swamp:1  | Noticed Leut's ghost (adept MiFi)
 44533 | Swamp:1  | Killed Leut's ghost
 44534 | Swamp:1  | Reached skill level 1 in Throwing
 44801 | Swamp:1  | Learned a level 2 spell: Ensorcelled Hibernation
 45138 | Swamp:2  | Noticed Mlioglotl
 45158 | Swamp:2  | Noticed Frances
 45168 | Swamp:2  | Killed Mlioglotl
 45577 | Swamp:2  | Killed Frances
 45772 | Swamp:2  | Reached skill level 20 in Stealth
 45772 | Swamp:2  | Upgraded the game from 0.30-a0-949-g53dc5368d7 to
                  | 0.30-a0-953-g5f1da4a474
 45934 | Swamp:2  | Noticed Roxanne
 46319 | Swamp:2  | Killed Roxanne
 46329 | Swamp:2  | Received a gift from Nemelex Xobeh
 46676 | Swamp:2  | Learned a level 3 spell: Portal Projectile
 46714 | Swamp:2  | Reached XP level 18. HP: 86/86 MP: 31/33
 47495 | Swamp:3  | Received a gift from Nemelex Xobeh
 47935 | Swamp:4  | Entered Level 4 of the Swamp
 48816 | Swamp:4  | Reached skill level 15 in Hexes
 48909 | Swamp:4  | Received a gift from Nemelex Xobeh
 49147 | Swamp:4  | Identified the +1 great sword of Compassion {pain, rN+}
 49155 | Swamp:4  | Reached skill level 15 in Invocations
 49208 | Swamp:4  | Noticed the 27-headed Lernaean hydra
 49220 | Swamp:4  | Killed the 27-headed Lernaean hydra
 49234 | Swamp:4  | Got a decaying rune of Zot
 49818 | D:15     | You paid a toll of 2 scrolls of acquirement to enter a
                  | treasure trove
 49819 | Trove    | Entered a treasure trove
 49870 | Trove    | Identified the amulet "Booheh Kyl" {RegenMP rCorr Str-4
                  | Dex-4 Stlth+}
 49924 | Trove    | Received a gift from Nemelex Xobeh
 50344 | Elf:1    | Entered Level 1 of the Elven Halls
 51187 | Elf:1    | Noticed a Brimstone Fiend
 51289 | Elf:1    | Found a runed translucent gate.
 51289 | Elf:1    | Found a runed translucent gate.
 51289 | Elf:1    | Found a runed translucent gate.
 51289 | Elf:1    | Found a runed translucent gate.
 51289 | Elf:1    | Found a runed translucent gate.
 51292 | Elf:1    | Found a runed translucent gate.
 51693 | Elf:2    | Found a shimmering blue altar of Sif Muna.
 51770 | Elf:2    | Reached XP level 19. HP: 92/92 MP: 16/34
 52003 | Elf:2    | Reached skill level 5 in Throwing
 52219 | Elf:2    | Found a runed translucent gate.
 52219 | Elf:2    | Found a runed translucent gate.
 52219 | Elf:2    | Found a runed translucent gate.
 52631 | Elf:2    | Received a gift from Nemelex Xobeh
 53038 | D:10     | Learned a level 3 spell: Vhi's Electric Charge
 53049 | D:10     | Learned a level 6 spell: Dispersal
 53697 | Elf:2    | Mangled by a +5 bardiche of holy wrath

Illustrated notes

Levels and vault maps discovered:
D:1:      tarquinn_simple_flora_water_f, layout_basic, serial_shops,
          nicolae_shop_hallway_stairs,
          shapermc_ecumenical_altar_mp_urbaneastern,
          nicolae_concentric_dashed_squares_mild
D:2:      layout_basic, hangedman_decor_peaks_small, uniq_robin
D:3:      layout_loops_ring, mainiacjoe_overflow_tiny_flanked
D:4:      cheibrodos_thug_alley, layout_loops_corners,
          mainiacjoe_overflow_six_doors_small, kennysheep_dice,
          uniq_blork_the_orc
D:5:      layout_loops_corners, serial_shops, nicolae_shop_statue_plus,
          nicolae_wooded_promenade, minivault_1, nicolae_shop_overcharged_wands,
          uniq_grinder
D:6:      layout_basic, kennysheep_generic_room_7
D:7:      nicolae_BIG_FREAKIN_CUBE, layout_loops_ring,
          minmay_temple_entry_offerings, nicolae_titane
D:8:      layout_gridville, jmf_multi_god_temple
D:9:      layout_irregular_city, zombieorc2_lemuel, gammafunk_ghost_grave,
          uniq_psyche
D:10:     layout_rooms, grunt_temple_overflow_open, lair_entry_dummy,
          gammafunk_ghost_grave, uniq_joseph, uniq_amaemon, uniq_fannar
D:11:     layout_basic, serial_shops, nicolae_shop_bloodbath_and_beyond,
          uniq_maurice, uniq_josephine
D:12:     layout_loops_cross, serial_shops, kennysheep_little_box
D:13:     layout_cave_pools, ximxim_vaults_locker_room, special_room
          [special_room_orc], portal_ice_cave_rime
D:14:     minmay_textured_paths, layout_layer_cave, okawaru_trees_1, uniq_rupert
D:15:     grunt_enter_depths_magical_seal, layout_irregular_city,
          nicolae_trove_entry_diagonal, grunt_qazlal_clouds,
          serial_column_ruins, column_ruins_square_medium, column_ruins_grid_1,
          column_ruins_grid_1, column_ruins_corridor_straight,
          column_ruins_open_tiny, uniq_nessos
Temple:   oiseaux_autumnal_temple
Lair:1:   layout_loops_ring, nicolae_quartered_pool_medium,
          cheibrodos_lair_lostbears
Lair:2:   layout_roguey, swamp_mist, grunt_megastairs_4
Lair:3:   layout_roguey, minmay_snake_entry_guardpost_small
Lair:4:   layout_concentric_octagons, slime_entry_1, gammafunk_ghost_split
Lair:5:   guppyfry_lair_end_dragon, layout_cave_pods, wormcave,
          chequers_serial_rivers_room_b
Swamp:1:  layout_falls_marsh, ebering_ghost_rock_garden,
          evilmike_swamp_ruin_house_5
Swamp:2:  layout_falls_marsh, serial_swamp_ruin, evilmike_swamp_ruin_house_3,
          evilmike_swamp_ruin_house_6, swamp_pool3, uniq_frances, uniq_roxanne,
          uniq_mlioglotl
Swamp:3:  layout_falls_marsh, evilmike_swamp_ruin_rubble_2, swamp_pool5,
          nicolae_swamp_oklob_treasure_island
Swamp:4:  grunt_swamp_rune_castle, layout_basic_swamp, swamp_pool5,
          cheibrodos_swamp_pet_leeches
Snake:1:  layout_cave_pods, ebering_ghost_disaster_area, nicolae_shop_self_help,
          grunt_megastairs_3, uniq_nikola
Snake:2:  layout_rooms, uniq_saint_roka, uniq_agnes
Snake:3:  layout_rooms, minmay_shop_star
Snake:4:  grunt_snake_rune_spirals, layout_onion, special_room
Orc:1:    lemuel_ogre_cave, layout_caves, basic_altar
Orc:2:    grunt_orc_gardens, layout_caves, grunt_orc_garden, grunt_orc_garden,
          grunt_orc_garden, grunt_orc_garden
Elf:1:    nicolae_elf_arrival_no_cutting_in_line, layout_rooms, orc_legates,
          grunt_ministairs_9, minivault_8
Elf:2:    elven_hall_of_blades_hangedman_original
          [nicolae_blade_entry_hurt_lockers], layout_geoelf_octagon, basic_altar

Skill      XL: |  1  2  3  4  5  6  7  8  9 10 11 12 13 14 15 16 17 18 19 |
---------------+----------------------------------------------------------+-----
Dodging        | 3 4 6 7 8 10 11 13 14 15 17 18 19 | 19.0
Spellcasting   | 3 4 5 6 8 9 10 | 10.0
Hexes          | 4 5 6 7 8 9 11 12 13 14 15 | 15.0
Stealth        | 5 6 7 9 11 12 14 16 17 18 20 | 20.0
Short Blades   | 2 3 4 5 7 8 9 10 12 13 14 | 14.0
Shields        | 2 3 4 6 8 9 |  9.7
Invocations    | 3 5 6 8 11 13 15 16 | 16.0
Transmutations | 5 6 9 10 | 10.0
Fighting       | 2 4 5 6 7 |  7.0
Translocations | 5 7 |  7.3
Poison Magic   | 3 4 |  4.0
Evocations     | 6 10 12 13 | 13.0
Air Magic      | 3 |  3.6
Throwing       | 3 4 5 |  5.5

Action                     |  1- 3 |  4- 6 |  7- 9 | 10-12 | 13-15 | 16-18 | 19-21 || total
---------------------------+-------+-------+-------+-------+-------+-------+-------++-------
  Melee: Dagger            |   176 |   218 |   359 |   964 |   585 |       |       ||  2302
         Punch             |     1 |     2 |     4 |       |       |       |       ||     7
         Rapier            |       |       |       |       |  1048 |  1756 |   178 ||  2982
  Throw: Dart              |       |     4 |       |    15 |    47 |    77 |     3 ||   146
         Throwing net      |       |       |       |       |       |     2 |       ||     2
   Cast: Tukima's Dance    |       |    11 |    39 |    39 |    73 |    78 |       ||   240
         Confusing Touch   |       |     9 |    35 |    92 |   174 |   137 |     2 ||   449
         Wereblood         |       |       |       |     3 |     6 |       |       ||     9
         Sting             |       |       |       |       |    80 |    90 |       ||   170
         Blink             |       |       |       |       |     1 |       |       ||     1
         Yara's Violent Un |       |       |       |       |       |    39 |    15 ||    54
         Lesser Beckoning  |       |       |       |       |       |     6 |       ||     6
         Portal Projectile |       |       |       |       |       |     4 |     1 ||     5
         Vhi's Electric Ch |       |       |       |       |       |       |     2 ||     2
         Ensorcelled Hiber |       |       |       |       |       |       |     1 ||     1
 Invoke: Draw Destruction  |     1 |     3 |     5 |    23 |    37 |    53 |     2 ||   124
         Draw Summoning    |     1 |       |       |     6 |     6 |    10 |     1 ||    24
         Draw Stack        |       |       |       |     2 |     2 |     2 |     1 ||     7
         Stack Five        |       |       |       |     1 |       |     1 |       ||     2
         Draw Escape       |       |       |       |       |     7 |     6 |       ||    13
  Evoke: Wand              |       |       |     1 |    15 |    10 |    43 |     2 ||    71
         Condenser vane    |       |       |       |       |     1 |     3 |       ||     4
         Phial of floods   |       |       |       |       |       |       |     1 ||     1
    Use: Scroll            |     1 |       |       |    15 |    24 |    13 |       ||    53
         Potion            |     1 |       |       |     2 |     1 |     8 |     4 ||    16
   Stab: Sleeping          |     9 |     3 |    12 |    11 |    37 |    27 |     3 ||   102
         Distracted        |     1 |     3 |     1 |     4 |     8 |    13 |     1 ||    31
         Invisible         |     3 |       |       |     7 |     2 |    15 |       ||    27
         Confused          |       |     7 |    29 |    77 |   143 |   124 |     2 ||   382
         Petrifying        |       |       |       |       |     1 |       |       ||     1
         Paralysed         |       |       |       |       |     1 |       |       ||     1
 Armour: Robe              |    14 |       |       |       |       |       |       ||    14
         Animal skin       |       |    18 |     5 |       |       |       |       ||    23
         Steam dragon scal |       |       |    15 |    28 |    40 |     3 |       ||    86
         Troll leather arm |       |       |       |       |       |    58 |     4 ||    62
  Dodge: Dodged            |   178 |   154 |   271 |   692 |  1118 |  1117 |    63 ||  3593
  Block: Buckler           |       |       |       |   283 |   670 |   938 |    76 ||  1967
         Reflection        |       |       |       |     6 |    56 |   148 |    13 ||   223

Table legend: (Time is in decaauts)
 A = Elapsed time spent in this place.
 B = Non-inter-level travel time spent in this place.
 C = Inter-level travel time spent in this place.
 D = Time resting spent in this place.
 E = Time spent auto-exploring this place.
 F = Levels seen in this place.
 G = Mean time per level.
                   A        B        C        D        E       F      G
               +--------+--------+--------+--------+--------+-----+--------+
         Total |  38809 |  35013 |   3796 |   6852 |  12569 |  35 | 1108.8 |
       Dungeon |  16246 |  13915 |   2331 |   1703 |   6648 |  15 | 1083.1 |
        Temple |    147 |    141 |      6 |      0 |    132 |   1 |  147.0 |
          Lair |   7915 |   7344 |    571 |   1867 |   2360 |   5 | 1583.0 |
         Swamp |   4095 |   3839 |    256 |   1105 |    618 |   4 | 1023.8 |
     Snake Pit |   4915 |   4666 |    249 |    915 |   1591 |   4 | 1228.8 |
  Orcish Mines |   1898 |   1630 |    268 |    207 |    750 |   2 |  949.0 |
   Elven Halls |   2151 |   2038 |    113 |    588 |    273 |   2 | 1075.5 |
         Trove |    163 |    163 |      0 |      0 |      0 |   1 |  163.0 |
      Ice Cave |   1277 |   1277 |      0 |    465 |    193 |   1 | 1277.0 |
               +--------+--------+--------+--------+--------+-----+--------+

Top non-repeatable levels by time:
  Lair:5: 2249 daAuts
 Snake:4: 2049 daAuts
    D:10: 1861 daAuts
  Lair:4: 1845 daAuts
  Lair:1: 1650 daAuts
     D:9: 1622 daAuts
     D:5: 1619 daAuts
  Lair:3: 1364 daAuts
     D:4: 1281 daAuts
   IceCv: 1277 daAuts
   Orc:2: 1212 daAuts
    D:14: 1207 daAuts
 Swamp:3: 1199 daAuts
 Swamp:2: 1180 daAuts
    D:15: 1110 daAuts
